 Dungeon Crawl Stone Soup version 0.31-a0-217-g58bb5d79cf (webtiles) character file.

Game seed: 4209015372431437038

142336 qw the Marksminotaur (level 16, -3/157 HPs)
             Began as a Minotaur Hexslinger on July 2, 2023.
             Was an Elder of Okawaru.
             Slain by Asterion
             ... wielding a +1 spectral demon trident
              (31 damage)
             ... on level 3 of the Spider Nest.
             The game lasted 00:11:39 (21978 turns).

qw the Marksminotaur (Minotaur Hexslinger)         Turns: 21978, Time: 00:11:39

Health: -3/157     AC: 17    Str: 16    XL:     16   Next: 80%
Magic:  22/22      EV: 36    Int: 13    God:    Okawaru [****..]
Gold:   2012       SH:  0    Dex: 30    Spells: 16/17 levels left

rFire   + . .        t - +5 longbow
rCold   + . .        (shield currently unavailable)
rNeg    . . .        i - +1 troll leather armour of Xautuav {Rampage Regen+ Int+2 Slay+3}
rPois   +            o - +2 hat
rElec   +            s - +1 cloak {Will+}
rCorr   +            h - +2 pair of gloves
SInv    +            c - +0 pair of boots
Will    ++...        u - amulet of faith
Stlth   ++++         w - +6 ring of dexterity
HPRegen 1.26/turn    r - ring of Kirih {Fly rPois Str+3 Int+2}
MPRegen 0.18/turn

%: rampage, faith
@: about to teleport, resistant, heroic, flying
A: horns 2, retaliatory headbutt, see invisible, agile 1
a: Renounce Religion, Heroism, Finesse


You were on level 3 of the Spider Nest.
You worshipped Okawaru.
Okawaru was greatly pleased with you.
You visited 5 branches of the dungeon, and saw 26 of its levels.
You visited the Abyss 1 time.
You also visited: Gauntlet.

You collected 2804 gold pieces.
You spent 792 gold pieces at shops.


Innate Abilities, Weirdness & Mutations

You have a pair of horns on your head.
You reflexively headbutt those who attack you in melee.
You have supernaturally acute eyesight. (SInv)
You are agile. (Dex +4, Str/Int -1)


   Skills:
 - Level 18.0(23.0) Fighting
 - Level 20.0(25.0) Ranged Weapons
 - Level 9.0(14.0) Armour
 + Level 17.2(22.2) Dodging
 - Level 1.0 Spellcasting
 - Level 2.0 Hexes
 - Level 10.0 Invocations


You had 16 spell levels left.
You knew the following spells:

 Your Spells              Type           Power      Damage    Failure   Level
a - Slow                  Hex            20%        N/A       14%         1

Your spell library contained the following spells:

 Spells                   Type           Power      Damage    Failure   Level
 Inner Flame              Hex/Fire       3%         N/A       54%         3
 Portal Projectile        Hex/Tloc       6%         N/A       54%         3
 Cause Fear               Hex            2%         N/A       80%         4

Inventory:

Hand Weapons
 t - a +5 longbow (weapon)
Armour
 c - a +0 pair of boots (worn)
 h - a +2 pair of gloves (worn)
 i - the +1 troll leather armour of Xautuav (worn) {Rampage Regen+ Int+2 Slay+3}
   (You found it on level 3 of the Dungeon)

   Int:       It affects your intelligence (+2).
   Slay:      It affects your accuracy & damage with ranged weapons and melee
   (+3).
   Regen:     It increases your rate of health regeneration.
   Rampage:   It bestows one free step when moving towards enemies.
 j - a +2 cloak
 o - a +2 hat (worn)
 s - a +1 cloak of willpower (worn)
Jewellery
 r - the ring of Kirih (right hand) {Fly rPois Str+3 Int+2}
   (You found it in a Gauntlet)

   [ring of flight]

   Str:       It affects your strength (+3).
   Int:       It affects your intelligence (+2).
   rPois:     It protects you from poison.
   Fly:       It grants you flight.
 u - an amulet of faith (around neck)
 w - a +6 ring of dexterity (left hand)
 Y - a +5 ring of evasion
Scrolls
 a - 8 scrolls of teleportation
 k - 12 scrolls of identify
Potions
 d - 5 potions of curing
 e - 5 potions of haste
 g - a potion of cancellation
 l - 2 potions of magic
 n - 6 potions of mutation
 p - 2 potions of might
 v - a potion of enlightenment

Dungeon Overview and Level Annotations

Branches:
Dungeon (15/15)            Temple (1/1) D:4            Lair (5/5) D:8
  Swamp (0/4) Lair:2       Spider (3/4) Lair:2        Slime (0/5) Lair:5
    Orc (2/2) D:12            Elf (0/3) Orc:2        Vaults (0/5) D:13
 Depths (0/4) D:15        Gauntlet (visited)

Altars:
Ashenzari
Cheibriados
Dithmenos
Elyvilon
Fedhas
Gozag
Hepliaklqana
Makhleb
Nemelex Xobeh
Okawaru
Qazlal
Ru
Sif Muna
Trog
Uskayaw
Vehumet
Wu Jian
Xom
Yredelemnul
The Shining One
Jiyva

Shops:
Orc:1 [   Orc:2 (=[?

Annotations:
D:6 2 runed translucent doors
D:11 1 runed translucent door, ProzacElf's ghost, journeyman SpAE
Lair:2 3 runed translucent doors, qw's ghost, journeyman GrFi
Lair:3 1 runed translucent door
Lair:5 exclusion: 3 spriggan riders
Spider:3 Asterion


Message History

Asterion completely misses you.
The +1 spectral demon trident completely misses you.
The Executioner hits you but does no damage.
The Executioner completely misses you. x2
You shoot an arrow. The arrow hits the Executioner.
The Executioner is almost dead.
The Executioner completely misses you. You furiously retaliate!
You headbutt the Executioner!
You kill the Executioner!
The Executioner disappears in a puff of smoke!
Asterion hits you from afar with a +1 spectral demon trident!!
The +1 spectral demon trident misses you.
21975 ||| READING 9 scrolls of teleportation.
As you read the scroll of teleportation, it crumbles to dust.
You feel strangely unstable. Asterion misses you.
The +1 spectral demon trident closely misses you.
Asterion completely misses you.
The +1 spectral demon trident misses you.
21976 ||| DRINKING 2 potions of heal wounds.
You feel much better.
Asterion prays to Makhleb.
You shoot an arrow. The arrow hits the Executioner!!
The Executioner is moderately wounded.
The +1 spectral demon trident disappears.
Asterion hits you from afar with a +1 spectral demon trident!
The +1 spectral demon trident completely misses you.
The Executioner closely misses you.
The Executioner hits you but does no damage.
The Executioner hits you.
A +1 spectral demon trident comes into view.
21978 ||| DRINKING potion of heal wounds.
You feel much better.
The +1 spectral demon trident passes through a web.
The Executioner barely misses you.
The Executioner completely misses you. x2
Asterion completely misses you.
The +1 spectral demon trident closely misses you.
The Executioner hits you!!
The Executioner completely misses you. x2
Asterion hits you from afar with a +1 spectral demon trident!!
You die...

# .... ### .H..
..### ^... ..#.##
##.s# .....# (..>#
^...### ###.s.
.#.^#^## #(H%#
...^..^# #.1###
.......# #.%@.##
......## #.....#
......#### #^#...#
%......#.#
#####...#
.^..)#...#
#......##
.....<...# #......#
.........###..^#.##
.........#.....###
.......%.#......##


You could see Asterion (fast), an Executioner (summoned) and a +1 spectral demon
trident.

Vanquished Creatures
  A dread lich (Abyss:2)
  Nikola (Spider:1)
  Rupert (D:14)
  Jorgrun (D:14)
  Roxanne (D:14)
  An emperor scorpion (Spider:1)
  2 ghost moths
  A very ugly thing (Abyss:2)
  A spark wasp (Spider:3)
  A minotaur (Gauntlet)
  A starcursed mass (Abyss:2)
  Josephine (D:15)
  2 entropy weavers
  4 vault guards (D:13)
  4 hydras
  Harold (Lair:1)
  5 centaur warriors
  A jorogumo (Spider:3)
  3 catoblepae
  5 boulder beetles
  3 two-headed ogres
  An orc high priest (Orc:2)
  A tengu warrior (D:15)
  4 death yaks (Lair:5)
  6 demonic crawlers
  2 wretched stars (Abyss:2)
  2 skysharks (Lair:5)
  A skeletal warrior (D:13)
  A sun moth (Spider:2)
  5 pharaoh ants
  10 orb spiders
  A bog body (Lair:2)
  11 slime creatures
  A wizard (D:15)
  5 steelbarb worms
  Pikel (D:6)
  2 orc knights
  7 wolf spiders
  4 deep elf pyromancers
  A necromancer (D:15)
  5 orc sorcerers
  13 ugly things
  5 manticores
  5 moths of wrath
  7 cyclopes
  6 elephants (Lair:4)
  A worldbinder (Abyss:2)
  An ice statue (Gauntlet)
  4 gargoyles
  5 torpor snails
  11 cane toads
  4 black mambas
  An orange demon (Abyss:2)
  3 naga magi (D:15)
  A kobold demonologist (D:13)
  An unseen horror (Abyss:2)
  Psyche (D:9)
  5 yaktaurs (D:14)
  4 rime drakes
  5 komodo dragons
  A redback zombie (D:15)
  A tengu conjurer (D:15)
  2 ice devils (D:12)
  3 trolls
  4 meliai (Spider:1)
  22 tarantellas
  5 hornets (Lair:5)
  8 polar bears
  19 blink frogs
  5 raiju (Abyss:2)
  Prince Ribbit (D:5)
  9 dream sheep
  A centaur simulacrum (D:15)
  4 flying skulls (Abyss:2)
  24 jumping spiders
  16 culicivoras
  15 spriggans (Lair:5)
  Sigmund (D:5)
  A shadow (D:12)
  8 wraiths
  6 wyverns
  A water elemental (D:14)
  A vampire (D:11)
  31 yaks
  5 basilisks
  Eustachio (D:4)
  44 redbacks
  A steam dragon (D:8)
  Menkaure (D:5)
  6 vampire mosquitoes
  3 wargs
  18 water moccasins
  2 ice beasts
  15 orc warriors
  3 sky beasts
  3 black bears
  10 ogres
  8 centaurs
  33 wolves
  3 boggarts (Lair:5)
  2 kobold brigands
  7 bullfrogs
  A gnoll sergeant (D:9)
  A hornet simulacrum (D:15)
  2 small abominations (Abyss:2)
  12 electric eels
  2 vampire bats (Lair:1)
  A crimson imp (D:6)
  5 howler monkeys
  2 jellies
  A quasit (Abyss:2)
  13 orc priests
  5 hounds
  5 gnoll boudas
  An iron imp (Abyss:2)
  6 iguanas
  A sleepcap (D:8)
  29 orc wizards
  A boggart zombie (D:15)
  6 hell rats (Lair:5)
  26 gnolls
  3 adders
  2 white imps
  2 ufetubi
  A dart slug (D:5)
  45 orcs
  12 ball pythons
  13 endoplasms
  3 giant cockroaches
  3 goblins
  6 hobgoblins
  3 jackals (D:1)
  4 quokkas
  15 bats
  A frilled lizard (D:3)
  A kobold (D:2)
  5 rats
  A lurking horror (Abyss:2)
  3 spectral weapons (Spider:3)
792 creatures vanquished.

Notes
Turn   | Place    | Note
-------+----------+-------------------------------------------
     0 | D:1      | qw the Minotaur Hexslinger began the quest for the Orb.
     0 | D:1      | Reached XP level 1. HP: 16/16 MP: 1/1
     0 | D:1      | 0 ||| qw: Version: 0.3-a-40-ge99b1a8
     0 | D:1      | 0 ||| qw: Game counter: 65
     0 | D:1      | 0 ||| qw: Melee chars always use a shield: true
     0 | D:1      | 0 ||| qw: God list: Okawaru
     0 | D:1      | 0 ||| qw: Allow faded altars: false
     0 | D:1      | 0 ||| qw: Do Orc after clearing Dungeon:15 true
     0 | D:1      | 0 ||| qw: Do second Lair branch before Depths: true
     0 | D:1      | 0 ||| qw: Lair rune preference: random
     0 | D:1      | 0 ||| qw: Goals: Normal
     0 | D:1      | 0 ||| PLANNING D:1-11
    87 | D:1      | 87 ||| Stepping ~*~*~tactically~*~*~ (water).
    98 | D:1      | Reached skill level 3 in Ranged Weapons
    98 | D:1      | Reached XP level 2. HP: 17/23 MP: 2/2
   457 | D:1      | 457 ||| FLEEEEING.
   458 | D:1      | 458 ||| FLEEEEING.
   952 | D:1      | 952 ||| UPGRADING to +0 ring mail.
   962 | D:1      | 962 ||| DROPPING +0 robe.
   963 | D:1      | 963 ||| READING scroll labelled DYUNKI UBUUXKE.
   967 | D:1      | 967 ||| DROPPING scroll of poison.
  1024 | D:2      | Reached XP level 3. HP: 29/29 MP: 3/3
  1535 | D:2      | Reached skill level 4 in Ranged Weapons
  1790 | D:2      | 1790 ||| READING scroll labelled VUHYOL KA KIO.
  1821 | D:3      | 1821 ||| STAIRDANCE
  1888 | D:3      | Reached skill level 1 in Armour
  1986 | D:3      | 1986 ||| SWAPPING to +0 longbow.
  1989 | D:3      | 1989 ||| DROPPING +2 sling.
  2010 | D:3      | 2010 ||| READING scroll of enchant weapon.
  2010 | D:3      | 2010 ||| ENCHANTING +0 longbow.
  2016 | D:3      | Reached XP level 4. HP: 36/36 MP: 4/4
  2208 | D:3      | Identified the +1 troll leather armour of Xautuav {Rampage
                  | Regen+ Int+2 Slay+3}
  2225 | D:3      | Found a faded altar of an unknown god.
  2315 | D:3      | 2315 ||| UPGRADING to +0 pair of boots.
  2320 | D:3      | 2320 ||| UPGRADING to +0 pair of gloves.
  2325 | D:3      | 2325 ||| UPGRADING to +1 troll leather armour of Xautuav
                  | {Rampage Regen+ Int+2 Slay+3}.
  2335 | D:3      | 2335 ||| DROPPING +0 ring mail.
  2336 | D:3      | 2336 ||| READING scroll labelled HETSUU TACKE.
  2337 | D:3      | 2337 ||| DRINKING 2 green potions.
  2500 | D:4      | Reached skill level 5 in Ranged Weapons
  2595 | D:4      | Noticed Eustachio
  2601 | D:4      | Killed Eustachio
  2602 | D:4      | Reached XP level 5. HP: 45/47 MP: 5/5
  2638 | D:4      | Found a staircase to the Ecumenical Temple.
  2639 | D:4      | 2639 ||| PLANNING TEMPLE
  2639 | D:4      | 2639 ||| READING scroll labelled EMUPHO ERCHA.
  2640 | D:4      | 2640 ||| DRINKING 2 glowing golden potions.
  2641 | D:4      | 2641 ||| DROPPING potion of attraction.
  2647 | Temple   | Entered the Ecumenical Temple
  2648 | Temple   | 2648 ||| PLANNING OKAWARU WORSHIP
  2655 | Temple   | Became a worshipper of Warmaster Okawaru
  2656 | Temple   | 2656 ||| PLANNING D:1-11
  2695 | D:4      | Found a white marble altar of Elyvilon.
  2698 | D:4      | Identified the +8 whip "Killer Bee's Regret" {heavy, *Rage
                  | rPois Str+2 Int+3}
  2701 | D:4      | Reached XP level 6. HP: 53/53 MP: 6/6
  2847 | D:4      | 2847 ||| READING scroll of enchant armour.
  2847 | D:4      | 2847 ||| ENCHANTING +0 pair of gloves.
  3071 | D:4      | 3071 ||| READING scroll labelled KIC ZAOCEZOBB.
  3072 | D:4      | 3072 ||| DRINKING 2 metallic clear potions.
  3107 | D:5      | Entered Level 5 of the Dungeon
  3184 | D:5      | Noticed Prince Ribbit
  3189 | D:5      | Killed Prince Ribbit
  3189 | D:5      | Reached * piety under Okawaru
  3190 | D:5      | Reached skill level 7 in Ranged Weapons
  3190 | D:5      | Reached XP level 7. HP: 60/60 MP: 7/7
  3190 | D:5      | 3190 ||| INVOKING Heroism.
  3195 | D:5      | Reached skill level 1 in Invocations
  3328 | D:5      | Noticed Menkaure
  3329 | D:5      | 3329 ||| INVOKING Heroism.
  3330 | D:5      | Killed Menkaure
  3353 | D:5      | Noticed Sigmund
  3354 | D:5      | 3354 ||| INVOKING Heroism.
  3358 | D:5      | Killed Sigmund
  3359 | D:5      | Reached skill level 8 in Ranged Weapons
  3359 | D:5      | Reached skill level 3 in Invocations
  3425 | D:5      | 3425 ||| INVOKING Heroism.
  3430 | D:5      | Reached XP level 8. HP: 53/68 MP: 6/9
  3512 | D:5      | 3512 ||| Stepping ~*~*~tactically~*~*~ (outnumbered).
  3514 | D:5      | 3514 ||| INVOKING Heroism.
  3515 | D:5      | 3515 ||| Stepping ~*~*~tactically~*~*~ (outnumbered).
  3673 | D:5      | Reached skill level 3 in Dodging
  3767 | D:5      | Found a shimmering altar of Xom.
  3795 | D:5      | 3795 ||| READING scroll of enchant armour.
  3795 | D:5      | 3795 ||| ENCHANTING +1 pair of gloves.
  4053 | D:5      | 4053 ||| DROPPING scarf of invisibility.
  4054 | D:5      | 4054 ||| DROPPING amulet of guardian spirit.
  4055 | D:5      | 4055 ||| DRINKING 2 fuming white potions.
  4055 | D:5      | Gained mutation: You sometimes lose your temper in combat.
                  | [potion of mutation]
  4055 | D:5      | Gained mutation: You do not regenerate when monsters are
                  | visible. [potion of mutation]
  4056 | D:5      | 4056 ||| DRINKING potion of mutation.
  4056 | D:5      | Lost mutation: You do not regenerate when monsters are
                  | visible. [potion of mutation]
  4056 | D:5      | Lost mutation: You sometimes lose your temper in combat.
                  | [potion of mutation]
  4056 | D:5      | Gained mutation: You have supernaturally acute eyesight.
                  | (SInv) [potion of mutation]
  4056 | D:5      | Gained mutation: You are agile. (Dex +4, Str/Int -1)
                  | [potion of mutation]
  4057 | D:5      | 4057 ||| DRINKING 2 lumpy yellow potions.
  4058 | D:5      | 4058 ||| READING 2 scrolls of identify.
  4058 | D:5      | 4058 ||| IDENTIFYING ruby potion
  4059 | D:5      | 4059 ||| DROPPING potion of ambrosia.
  4139 | D:6      | 4139 ||| Stepping ~*~*~tactically~*~*~ (outnumbered).
  4147 | D:6      | Reached ** piety under Okawaru
  4216 | D:6      | 4216 ||| INVOKING Heroism.
  4220 | D:6      | Reached skill level 9 in Ranged Weapons
  4234 | D:6      | Noticed Pikel
  4238 | D:6      | Killed Pikel
  4266 | D:6      | Found a large runed translucent door.
  4267 | D:6      | Found a large runed translucent door.
  4327 | D:6      | 4327 ||| INVOKING Heroism.
  4381 | D:6      | Reached XP level 9. HP: 81/81 MP: 11/11
  4471 | D:6      | Identified the +1 whip "Zion" {flame, Str+3 Dex+4}
  4702 | D:6      | 4702 ||| DRINKING 2 fizzy cyan potions.
  4703 | D:6      | 4703 ||| READING 5 scrolls of identify.
  4703 | D:6      | 4703 ||| IDENTIFYING lumpy purple potion
  4704 | D:6      | 4704 ||| READING 4 scrolls of identify.
  4704 | D:6      | 4704 ||| IDENTIFYING cyan potion
  4705 | D:6      | 4705 ||| READING 3 scrolls of identify.
  4705 | D:6      | 4705 ||| IDENTIFYING smoky sapphire potion
  4706 | D:6      | 4706 ||| DROPPING potion of degeneration.
  4707 | D:6      | 4707 ||| DROPPING potion of brilliance.
  4732 | D:7      | 4732 ||| INVOKING Heroism.
  4760 | D:7      | Reached skill level 10 in Ranged Weapons
  4808 | D:7      | 4808 ||| INVOKING Heroism.
  4851 | D:7      | 4851 ||| INVOKING Heroism.
  4950 | D:7      | 4950 ||| READING scroll of enchant weapon.
  4950 | D:7      | 4950 ||| ENCHANTING +1 longbow.
  4955 | D:7      | 4955 ||| Stepping ~*~*~tactically~*~*~ (outnumbered).
  4958 | D:7      | 4958 ||| Stepping ~*~*~tactically~*~*~ (outnumbered).
  5339 | D:7      | 5339 ||| READING scroll labelled JAXOCO XITWIOD.
  5395 | D:8      | Noticed a two-headed ogre
  5396 | D:8      | 5396 ||| INVOKING Heroism.
  5402 | D:8      | Killed a two-headed ogre
  5403 | D:8      | Reached skill level 11 in Ranged Weapons
  5420 | D:8      | Found a staircase to the Lair.
  5436 | D:8      | 5436 ||| INVOKING Heroism.
  5540 | D:8      | Reached skill level 3 in Armour
  5553 | D:8      | 5553 ||| READING scroll of enchant weapon.
  5553 | D:8      | 5553 ||| ENCHANTING +2 longbow.
  5596 | D:8      | 5596 ||| INVOKING Heroism.
  5638 | D:8      | Found an opulent altar of Gozag.
  5866 | D:8      | 5866 ||| INVOKING Heroism.
  6057 | D:8      | 6057 ||| PLANNING LAIR
  6057 | D:8      | 6057 ||| UPGRADING to ring of protection from cold.
  6058 | D:8      | 6058 ||| READING 6 scrolls of identify.
  6058 | D:8      | 6058 ||| IDENTIFYING yellow potion
  6059 | D:8      | 6059 ||| DROPPING potion of lignification.
  6074 | Lair:1   | Entered Level 1 of the Lair of Beasts
  6089 | Lair:1   | Reached skill level 12 in Ranged Weapons
  6089 | Lair:1   | Reached XP level 10. HP: 88/88 MP: 12/12
  6114 | Lair:1   | Reached skill level 6 in Dodging
  6135 | Lair:1   | Found a shadowy altar of Dithmenos.
  6270 | Lair:1   | Noticed a cane toad
  6271 | Lair:1   | 6271 ||| INVOKING Heroism.
  6273 | Lair:1   | Killed a cane toad
  6301 | Lair:1   | Noticed Harold
  6302 | Lair:1   | 6302 ||| INVOKING Heroism.
  6312 | Lair:1   | Killed Harold
  6313 | Lair:1   | Reached skill level 13 in Ranged Weapons
  6446 | Lair:1   | Reached *** piety under Okawaru
  6458 | Lair:1   | Reached skill level 9 in Fighting
  6852 | Lair:1   | 6852 ||| UPGRADING to ring of resist corrosion.
  6902 | Lair:2   | 6902 ||| INVOKING Heroism.
  6925 | Lair:2   | 6925 ||| INVOKING Heroism.
  6962 | Lair:2   | Reached **** piety under Okawaru
  6968 | Lair:2   | Found a hole to the Spider Nest.
  6980 | Lair:2   | 6980 ||| Stepping ~*~*~tactically~*~*~ (water).
  7035 | Lair:2   | Found a runed translucent gate.
  7035 | Lair:2   | Found a runed translucent gate.
  7035 | Lair:2   | Found a runed translucent gate.
  7036 | Lair:2   | Noticed qw's ghost (journeyman GrFi)
  7070 | Lair:2   | Noticed a cane toad
  7071 | Lair:2   | 7071 ||| INVOKING Heroism.
  7075 | Lair:2   | Killed a cane toad
  7076 | Lair:2   | Reached XP level 11. HP: 97/97 MP: 10/13
  7118 | Lair:2   | 7118 ||| INVOKING Heroism.
  7138 | Lair:2   | Noticed a bog body
  7140 | Lair:2   | Killed a bog body
  7141 | Lair:2   | Reached skill level 14 in Ranged Weapons
  7207 | Lair:2   | Identified the +8 whip "Ytsar" {heavy, rElec Will+}
  7228 | Lair:2   | Found a staircase to the Swamp.
  7574 | Lair:2   | 7574 ||| INVOKING Heroism.
  7723 | Lair:2   | 7723 ||| INVOKING Heroism.
  7726 | Lair:2   | Noticed a five-headed hydra
  7731 | Lair:2   | Reached skill level 6 in Invocations
  7737 | Lair:2   | Killed a five-headed hydra
  7737 | Lair:2   | Reached ***** piety under Okawaru
  7748 | Lair:2   | 7748 ||| FLEEEEING.
  7751 | Lair:2   | 7751 ||| FLEEEEING.
  7752 | Lair:2   | 7752 ||| FLEEEEING.
  7753 | Lair:2   | 7753 ||| FLEEEEING.
  7757 | Lair:2   | 7757 ||| INVOKING Heroism.
  7801 | Lair:2   | 7801 ||| INVOKING Heroism.
  7802 | Lair:2   | 7802 ||| Stepping ~*~*~tactically~*~*~ (outnumbered).
  7842 | Lair:2   | 7842 ||| FLEEEEING.
  7869 | Lair:2   | 7869 ||| INVOKING Heroism.
  8182 | Lair:3   | 8182 ||| INVOKING Heroism.
  8214 | Lair:3   | Found a runed translucent door.
  8259 | Lair:3   | 8259 ||| INVOKING Heroism.
  8286 | Lair:3   | Noticed a four-headed hydra
  8293 | Lair:3   | 8293 ||| INVOKING Heroism.
  8309 | Lair:3   | Killed a four-headed hydra
  8315 | Lair:3   | Received a gift from Okawaru
  8401 | Lair:3   | 8401 ||| INVOKING Heroism.
  8416 | Lair:3   | Reached skill level 15 in Ranged Weapons
  8493 | Lair:3   | 8493 ||| INVOKING Heroism.
  8504 | Lair:3   | Reached XP level 12. HP: 91/106 MP: 15/17
  8507 | Lair:3   | Received a gift from Okawaru
  8518 | Lair:3   | HP: 24/106 [wyvern (5)]
  8519 | Lair:3   | 8519 ||| READING 2 scrolls of teleportation.
  8519 | Lair:3   | HP: 9/106 [wyvern (9)]
  8520 | Lair:3   | 8520 ||| DRINKING 3 potions of heal wounds.
  8522 | Lair:3   | 8522 ||| DRINKING 2 potions of heal wounds.
  8641 | Lair:3   | 8641 ||| INVOKING Heroism.
  8646 | Lair:3   | Reached skill level 9 in Invocations
  9152 | Lair:3   | Noticed a four-headed hydra
  9193 | Lair:3   | 9193 ||| READING scroll labelled JIOHAN TAUNTAN.
  9204 | Lair:4   | 9204 ||| PLANNING GAUNTLET
  9220 | Lair:4   | 9220 ||| INVOKING Heroism.
  9303 | Lair:4   | 9303 ||| INVOKING Heroism.
  9423 | Lair:4   | Reached skill level 16 in Ranged Weapons
  9432 | Lair:4   | 9432 ||| INVOKING Heroism.
  9441 | Lair:4   | Received a gift from Okawaru
  9599 | Lair:4   | Found a gate leading to a gauntlet.
  9607 | Gauntlet | Entered a Gauntlet
  9607 | Gauntlet | Found a transporter.
  9607 | Gauntlet | Found a transporter.
  9607 | Gauntlet | Found a transporter.
  9616 | Gauntlet | Found a runed translucent door.
  9619 | Gauntlet | Found a transporter.
  9620 | Gauntlet | Found a transporter.
  9628 | Gauntlet | Found a transporter.
  9628 | Gauntlet | Noticed a catoblepas
  9631 | Gauntlet | Found a transporter.
  9636 | Gauntlet | Noticed an entropy weaver
  9637 | Gauntlet | Found a runed translucent gate.
  9637 | Gauntlet | Found a runed translucent gate.
  9637 | Gauntlet | Found a runed translucent gate.
  9639 | Gauntlet | Found a transporter.
  9658 | Gauntlet | Found a transporter.
  9664 | Gauntlet | Found a transporter.
  9666 | Gauntlet | Found a transporter.
  9676 | Gauntlet | Found a transporter.
  9678 | Gauntlet | Noticed a tengu warrior
  9732 | Gauntlet | Noticed a catoblepas
  9773 | Gauntlet | 9773 ||| Stepping randomly (stuck).
  9774 | Gauntlet | 9774 ||| Stepping randomly (stuck).
  9780 | Gauntlet | 9780 ||| INVOKING Heroism.
  9781 | Gauntlet | 9781 ||| INVOKING Finesse.
  9836 | Gauntlet | 9836 ||| UPGRADING to +1 hat.
  9841 | Gauntlet | 9841 ||| READING 6 scrolls of identify.
  9841 | Gauntlet | 9841 ||| IDENTIFYING red potion
  9846 | Gauntlet | 9846 ||| INVOKING Heroism.
  9847 | Gauntlet | 9847 ||| INVOKING Finesse.
  9852 | Gauntlet | Killed a catoblepas
  9855 | Gauntlet | Reached skill level 9 in Dodging
  9904 | Gauntlet | Identified the ring of Kirih {Fly rPois Str+3 Int+2}
  9906 | Gauntlet | 9906 ||| UPGRADING to ring of Kirih {Fly rPois Str+3
                  | Int+2}.
  9908 | Gauntlet | 9908 ||| UPGRADING to ring of protection from cold.
  9919 | Gauntlet | 9919 ||| INVOKING Finesse.
  9928 | Gauntlet | 9928 ||| INVOKING Heroism.
  9928 | Gauntlet | Killed an entropy weaver
  9969 | Gauntlet | Identified the +1 cloak of Icoqunti {Int+3}
  9973 | Gauntlet | 9973 ||| UPGRADING to +1 cloak of Icoqunti {Int+3}.
  9994 | Gauntlet | Identified the +8 sling of Sestruf {freeze, rF- Int+3
                  | Dex+2}
  9994 | Gauntlet | Identified the +8 flail of Reemips {speed, rElec rN+++
                  | Int-5 Stlth-}
  9994 | Gauntlet | Noticed a minotaur
  9995 | Gauntlet | 9995 ||| INVOKING Heroism.
  9996 | Gauntlet | 9996 ||| INVOKING Finesse.
 10012 | Gauntlet | Killed a minotaur
 10088 | Gauntlet | 10088 ||| UPGRADING to +1 cloak of willpower.
 10098 | Gauntlet | 10098 ||| DROPPING +1 cloak of Icoqunti {Int+3}.
 10110 | Lair:4   | 10110 ||| PLANNING LAIR
 10281 | Lair:4   | Reached XP level 13. HP: 116/116 MP: 19/19
 10530 | Lair:4   | 10530 ||| DROPPING ring of wizardry.
 10560 | Lair:5   | Entered Level 5 of the Lair of Beasts
 10597 | Lair:5   | 10597 ||| INVOKING Heroism.
 10621 | Lair:5   | Reached skill level 17 in Ranged Weapons
 10679 | Lair:5   | Received a gift from Okawaru
 10709 | Lair:5   | 10709 ||| READING scroll of enchant weapon.
 10709 | Lair:5   | 10709 ||| ENCHANTING +3 longbow.
 10779 | Lair:5   | 10779 ||| INVOKING Heroism.
 10805 | Lair:5   | 10805 ||| INVOKING Finesse.
 10828 | Lair:5   | 10828 ||| INVOKING Heroism.
 10903 | Lair:5   | 10903 ||| INVOKING Heroism.
 10917 | Lair:5   | Reached skill level 18 in Ranged Weapons
 10973 | Lair:5   | 10973 ||| READING scroll of enchant weapon.
 10973 | Lair:5   | 10973 ||| ENCHANTING +4 longbow.
 10983 | Lair:5   | 10983 ||| INVOKING Heroism.
 11032 | Lair:5   | 11032 ||| INVOKING Heroism.
 11041 | Lair:5   | Reached skill level 12 in Fighting
 11088 | Lair:5   | 11088 ||| INVOKING Heroism.
 11096 | Lair:5   | 11096 ||| READING scroll labelled ATICOININYT.
 11126 | Lair:5   | Reached skill level 6 in Armour
 11273 | Lair:5   | 11273 ||| INVOKING Heroism.
 11314 | Lair:5   | 11314 ||| INVOKING Heroism.
 11464 | Lair:5   | 11464 ||| INVOKING Heroism.
 11489 | Lair:5   | Found a staircase to the Slime Pits.
 11489 | Lair:5   | Found a viscous altar of Jiyva.
 11505 | Lair:5   | 11505 ||| INVOKING Heroism.
 11509 | Lair:5   | 11509 ||| Stepping ~*~*~tactically~*~*~ (outnumbered).
 11531 | Lair:5   | 11531 ||| INVOKING Heroism.
 11546 | Lair:5   | HP: 16/118 [death yak (19)]
 11547 | Lair:5   | 11547 ||| READING 4 scrolls of teleportation.
 11548 | Lair:5   | 11548 ||| DRINKING 3 potions of heal wounds.
 11797 | Lair:5   | 11797 ||| INVOKING Heroism.
 11900 | Lair:5   | 11900 ||| PLANNING D:1-11
 12342 | D:9      | Noticed Psyche
 12343 | D:9      | 12343 ||| INVOKING Heroism.
 12348 | D:9      | Killed Psyche
 12500 | D:10     | Entered Level 10 of the Dungeon
 12590 | D:10     | Reached XP level 14. HP: 121/126 MP: 20/20
 12595 | D:10     | Received a gift from Okawaru
 12655 | D:10     | Reached skill level 19 in Ranged Weapons
 12754 | D:10     | 12754 ||| Stepping ~*~*~tactically~*~*~ (outnumbered).
 12756 | D:10     | 12756 ||| Stepping ~*~*~tactically~*~*~ (outnumbered).
 13230 | D:11     | Noticed ProzacElf's ghost (journeyman SpAE)
 13234 | D:11     | Found a runed translucent door.
 13641 | D:11     | Found a faded altar of an unknown god.
 13641 | D:11     | Found a hazy altar of Hepliaklqana.
 13707 | D:11     | 13707 ||| PLANNING D
 13707 | D:11     | 13707 ||| UPGRADING to amulet of faith.
 13712 | D:11     | 13712 ||| DROPPING ring of ice.
 13713 | D:11     | 13713 ||| DROPPING ring of resist corrosion.
 13714 | D:11     | 13714 ||| UPGRADING to +4 ring of protection.
 13742 | D:12     | 13742 ||| INVOKING Heroism.
 13743 | D:12     | 13743 ||| INVOKING Finesse.
 13840 | D:12     | Found a frozen archway.
 13954 | D:12     | 13954 ||| INVOKING Heroism.
 14121 | D:12     | 14121 ||| INVOKING Heroism.
 14122 | D:12     | 14122 ||| READING 6 scrolls of teleportation.
 14232 | D:12     | Found a staircase to the Orcish Mines.
 14407 | D:12     | 14407 ||| READING scroll labelled MAITEH DI ZYME.
 14481 | D:13     | Found a gate to the Vaults.
 14482 | D:13     | 14482 ||| INVOKING Heroism.
 14483 | D:13     | 14483 ||| INVOKING Finesse.
 14500 | D:13     | 14500 ||| Stepping ~*~*~tactically~*~*~ (outnumbered).
 14511 | D:13     | Received a gift from Okawaru
 14511 | D:13     | Found the +12 glaive of Prune {freeze, Prune}
 14514 | D:13     | 14514 ||| INVOKING Heroism.
 14520 | D:13     | Reached skill level 20 in Ranged Weapons
 14781 | D:13     | 14781 ||| INVOKING Heroism.
 14782 | D:13     | 14782 ||| INVOKING Finesse.
 15218 | D:13     | 15218 ||| READING scroll labelled FEAGIV LOPRO.
 15219 | D:13     | 15219 ||| READING scroll labelled LISUMN SAMOSSU.
 15475 | D:14     | 15475 ||| Stepping ~*~*~tactically~*~*~ (outnumbered).
 15477 | D:14     | 15477 ||| Stepping ~*~*~tactically~*~*~ (outnumbered).
 15479 | D:14     | 15479 ||| Stepping ~*~*~tactically~*~*~ (outnumbered).
 15526 | D:14     | 15526 ||| Stepping ~*~*~tactically~*~*~ (outnumbered).
 15528 | D:14     | 15528 ||| Stepping ~*~*~tactically~*~*~ (outnumbered).
 15530 | D:14     | 15530 ||| Stepping ~*~*~tactically~*~*~ (outnumbered).
 15683 | D:14     | Noticed Jorgrun
 15684 | D:14     | 15684 ||| INVOKING Heroism.
 15685 | D:14     | 15685 ||| INVOKING Finesse.
 15694 | D:14     | Killed Jorgrun
 15839 | D:14     | 15839 ||| INVOKING Heroism.
 15924 | D:14     | 15924 ||| INVOKING Heroism.
 15946 | D:14     | 15946 ||| INVOKING Finesse.
 15967 | D:14     | Reached skill level 12 in Dodging
 16047 | D:14     | Found a white marble altar of Elyvilon.
 16172 | D:14     | Noticed Roxanne
 16173 | D:14     | 16173 ||| INVOKING Heroism.
 16188 | D:14     | Killed Roxanne
 16189 | D:14     | Reached XP level 15. HP: 138/138 MP: 21/21
 16214 | D:14     | Noticed Rupert
 16216 | D:14     | 16216 ||| INVOKING Heroism.
 16225 | D:14     | Killed Rupert
 16593 | D:14     | 16593 ||| READING 13 scrolls of identify.
 16593 | D:14     | 16593 ||| IDENTIFYING inky potion
 16594 | D:14     | 16594 ||| READING 12 scrolls of identify.
 16594 | D:14     | 16594 ||| IDENTIFYING brown potion
 16595 | D:14     | 16595 ||| READING 11 scrolls of identify.
 16595 | D:14     | 16595 ||| IDENTIFYING sedimented sapphire potion
 16596 | D:14     | 16596 ||| DROPPING potion of berserk rage.
 16609 | D:15     | Entered Level 15 of the Dungeon
 16617 | D:15     | 16617 ||| STAIRDANCE
 16619 | D:14     | 16619 ||| INVOKING Heroism.
 16708 | D:15     | 16708 ||| STAIRDANCE
 16739 | D:15     | Reached skill level 15 in Fighting
 16821 | D:15     | Noticed Josephine
 16822 | D:15     | Received a gift from Okawaru
 16826 | D:15     | 16826 ||| FLEEEEING.
 16827 | D:15     | 16827 ||| FLEEEEING.
 16828 | D:15     | 16828 ||| FLEEEEING.
 16829 | D:15     | 16829 ||| FLEEEEING.
 16830 | D:15     | 16830 ||| FLEEEEING.
 16831 | D:15     | 16831 ||| FLEEEEING.
 16832 | D:15     | 16832 ||| FLEEEEING.
 16835 | D:15     | Killed Josephine
 16987 | D:15     | 16987 ||| FLEEEEING.
 16988 | D:15     | 16988 ||| FLEEEEING.
 16989 | D:15     | 16989 ||| FLEEEEING.
 16990 | D:15     | 16990 ||| FLEEEEING.
 16991 | D:15     | 16991 ||| FLEEEEING.
 16992 | D:15     | 16992 ||| FLEEEEING.
 16993 | D:15     | 16993 ||| FLEEEEING.
 17104 | D:15     | 17104 ||| INVOKING Heroism.
 17342 | Abyss:2  | Cast into level 2 of the Abyss (a wizard)
 17371 | Abyss:2  | Found a corrupted altar of Lugonu.
 17374 | Abyss:2  | Found a corrupted altar of Lugonu.
 17374 | Abyss:2  | Found a corrupted altar of Lugonu.
 17513 | Abyss:2  | Noticed a dread lich
 17514 | Abyss:2  | 17514 ||| INVOKING Heroism.
 17516 | Abyss:2  | 17516 ||| INVOKING Finesse.
 17525 | Abyss:2  | Killed a dread lich
 17525 | Abyss:2  | Received a gift from Okawaru
 17525 | Abyss:2  | Found the +0 toga "Victory" {*Victory Clar}
 17726 | D:15     | Escaped the Abyss
 17768 | D:15     | Found a staircase to the Depths.
 17835 | D:15     | 17835 ||| PLANNING ORC
 17939 | Orc:1    | Entered Level 1 of the Orcish Mines
 17951 | Orc:1    | 17951 ||| INVOKING Heroism.
 18276 | Orc:1    | Found Lanyph's Antique Armour Boutique.
 18367 | Orc:2    | Entered Level 2 of the Orcish Mines
 18440 | Orc:2    | 18440 ||| INVOKING Heroism.
 18445 | Orc:2    | 18445 ||| Stepping ~*~*~tactically~*~*~ (outnumbered).
 18462 | Orc:2    | Paralysed by an orc sorcerer for 5 turns
 18475 | Orc:2    | 18475 ||| Stepping ~*~*~tactically~*~*~ (outnumbered).
 18491 | Orc:2    | 18491 ||| Stepping ~*~*~tactically~*~*~ (outnumbered).
 18492 | Orc:2    | 18492 ||| Stepping ~*~*~tactically~*~*~ (outnumbered).
 18497 | Orc:2    | 18497 ||| Stepping ~*~*~tactically~*~*~ (outnumbered).
 18499 | Orc:2    | 18499 ||| Stepping ~*~*~tactically~*~*~ (outnumbered).
 18503 | Orc:2    | 18503 ||| INVOKING Heroism.
 18508 | Orc:2    | 18508 ||| Stepping ~*~*~tactically~*~*~ (outnumbered).
 18530 | Orc:2    | Reached skill level 9 in Armour
 18568 | Orc:2    | Found Fidim's Jewellery Boutique.
 18568 | Orc:2    | Found Qacviowe's Weapon Boutique.
 18569 | Orc:2    | Found Iqiwk's Armour Shop.
 18573 | Orc:2    | Found Taemauru's Magic Scroll Shop.
 18576 | Orc:2    | 18576 ||| BUYING +5 ring of evasion (396 gold).
 18576 | Orc:2    | Bought a +5 ring of evasion for 396 gold pieces
 18576 | Orc:2    | 18576 ||| BUYING +6 ring of dexterity (396 gold).
 18576 | Orc:2    | Bought a +6 ring of dexterity for 396 gold pieces
 18577 | Orc:2    | 18577 ||| DROPPING +6 ring of strength.
 18585 | Orc:2    | 18585 ||| DROPPING ring of protection from cold.
 18726 | Orc:2    | Found a staircase to the Elven Halls.
 18999 | Orc:2    | 18999 ||| PLANNING SPIDER:1-3
 18999 | Orc:2    | 18999 ||| UPGRADING to +5 ring of evasion.
 19001 | Orc:2    | 19001 ||| UPGRADING to +6 ring of dexterity.
 19003 | Orc:2    | 19003 ||| DROPPING +4 ring of protection.
 19004 | Orc:2    | 19004 ||| UPGRADING to ring of Kirih {Fly rPois Str+3
                  | Int+2}.
 19186 | Spider:1 | Entered Level 1 of the Spider Nest
 19186 | Spider:1 | Noticed an emperor scorpion
 19187 | Spider:1 | 19187 ||| INVOKING Heroism.
 19209 | Spider:1 | Killed an emperor scorpion
 19225 | Spider:1 | 19225 ||| STAIRDANCE
 19291 | Spider:1 | 19291 ||| DRINKING 4 potions of curing.
 19291 | Spider:1 | 19291 ||| (to cure confusion)
 19298 | Spider:1 | 19298 ||| STAIRDANCE
 19376 | Spider:1 | Received a gift from Okawaru
 19378 | Spider:1 | 19378 ||| READING scroll of enchant armour.
 19378 | Spider:1 | 19378 ||| ENCHANTING +1 hat.
 19405 | Spider:1 | Noticed Nikola
 19406 | Spider:1 | 19406 ||| INVOKING Heroism.
 19407 | Spider:1 | 19407 ||| INVOKING Finesse.
 19420 | Spider:1 | Killed Nikola
 19446 | Spider:1 | Reached XP level 16. HP: 105/151 MP: 16/22
 19447 | Spider:1 | Reached skill level 15 in Dodging
 19527 | Spider:1 | 19527 ||| INVOKING Heroism.
 19675 | Spider:1 | 19675 ||| INVOKING Finesse.
 19737 | Spider:1 | 19737 ||| INVOKING Finesse.
 19753 | Spider:1 | 19753 ||| INVOKING Heroism.
 20060 | Spider:2 | 20060 ||| INVOKING Finesse.
 20061 | Spider:2 | 20061 ||| Stepping ~*~*~tactically~*~*~ (outnumbered).
 20159 | Spider:2 | 20159 ||| Stepping ~*~*~tactically~*~*~ (outnumbered).
 20161 | Spider:2 | 20161 ||| Stepping ~*~*~tactically~*~*~ (outnumbered).
 20279 | Spider:2 | 20279 ||| INVOKING Finesse.
 20643 | Spider:2 | 20643 ||| INVOKING Heroism.
 21203 | Spider:2 | 21203 ||| DROPPING amulet of magic regeneration.
 21228 | Spider:3 | 21228 ||| STAIRDANCE
 21232 | Spider:3 | 21232 ||| STAIRDANCE
 21286 | Spider:3 | 21286 ||| STAIRDANCE
 21288 | Spider:2 | 21288 ||| INVOKING Heroism.
 21334 | Spider:3 | 21334 ||| INVOKING Finesse.
 21427 | Spider:3 | Received a gift from Okawaru
 21583 | Spider:3 | 21583 ||| FLEEEEING.
 21710 | Spider:3 | 21710 ||| FLEEEEING.
 21819 | Spider:3 | Received a gift from Okawaru
 21835 | Spider:3 | 21835 ||| INVOKING Finesse.
 21842 | Spider:3 | Reached skill level 18 in Fighting
 21847 | Spider:3 | 21847 ||| INVOKING Heroism.
 21935 | Spider:3 | 21935 ||| DRINKING potion of resistance.
 21938 | Spider:3 | 21938 ||| Stepping ~*~*~tactically~*~*~ (outnumbered).
 21941 | Spider:3 | Noticed Asterion
 21942 | Spider:3 | 21942 ||| INVOKING Heroism.
 21943 | Spider:3 | 21943 ||| Stepping ~*~*~tactically~*~*~ (outnumbered).
 21966 | Spider:3 | Noticed an Executioner
 21974 | Spider:3 | HP: 24/157 [Asterion/+1 spectral demon trident (27)]
 21975 | Spider:3 | 21975 ||| READING 9 scrolls of teleportation.
 21976 | Spider:3 | 21976 ||| DRINKING 2 potions of heal wounds.
 21977 | Spider:3 | Noticed an Executioner
 21978 | Spider:3 | 21978 ||| DRINKING potion of heal wounds.
 21978 | Spider:3 | Slain by Asterion

Levels and vault maps discovered:
D:1:      lightli_arrival_quake, layout_basic, serial_bayou_pond_c,
          serial_bayou_crossing
D:2:      layout_basic
D:3:      layout_rooms, shapermc_ecumenical_altar_acropolis,
          small_statue_intersection, hex_medium
D:4:      layout_gridville, mainiacjoe_overflow_alcove_4,
          minmay_temple_entry_offerings, uniq_eustachio
D:5:      layout_loops_corners, mainiacjoe_overflow_six_doors_small,
          minmay_between, uniq_menkaure, uniq_sigmund, uniq_prince_ribbit1
D:6:      layout_rooms, jmf_multi_god_temple2, corexii_shack,
          minmay_fire_ice_demons, uniq_pikel
D:7:      layout_basic
D:8:      layout_basic, nicolae_gozag_cash_rules_everything_around_me,
          dpeg_oklobed_lair, kennysheep_generic_room_16
D:9:      layout_rooms, uniq_psyche
D:10:     layout_loops_ring
D:11:     layout_rooms, hellmonk_ghost_happy_afterlife,
          beargit_hepliaklqana_dungeon_heroes
D:12:     layout_roguey, orc_0_dummy, portal_ice_cave_demonic_guard
D:13:     layout_irregular_city, lightli_vaults_fourway_checkpoint
D:14:     layout_basic, elyvilon_altar_1, uniq_roxanne, uniq_jorgrun,
          uniq_rupert
D:15:     grunt_enter_depths_magical_seal, layout_long_grid,
          minmay_crystal_room, uniq_josephine
Temple:   sentei_temple_godly_chess
Lair:1:   layout_regular_city, basic_altar, roderic_batcave, uniq_harold
Lair:2:   layout_cellular_growth, skrybe_swamp_entry_bodies,
          spider_nest_entry_a, gammafunk_ghost_necromancy,
          nicolae_quartered_pool_super, minmay_holes, pdpol_lair_cavern_descent
Lair:3:   layout_hall_layers, pf_torpor_hydra, grunt_megastairs_4
Lair:4:   layout_misc_corridors, gauntlet_entry_generic, serial_bayou_lake_a
Lair:5:   minmay_lair_end_enchanted_forest, layout_big_grid, slime_entry_1,
          grunt_megastairs_1, serial_bayou_shore_b, serial_bayou_shore_b
Spider:1: layout_spider_delve, nicolae_spider_orb_run, uniq_nikola
Spider:2: layout_chambers
Spider:3: layout_spider_delve, uniq_asterion
Orc:1:    layout_caves, serial_shops, nicolae_shop_gibbet_a_chance
Orc:2:    st_orc_mages, layout_caves, basic_altar

Skill      XL: |  1  2  3  4  5  6  7  8  9 10 11 12 13 14 15 16 |
---------------+-------------------------------------------------+-----
Ranged Weapons | 3 4 5 7 8 9 12 13 15 16 18 20 | 20.0
Fighting       | 2 4 5 7 9 10 11 12 14 16 18 | 18.0
Armour         | 1 2 3 4 5 6 7 9 |  9.0
Invocations    | 3 4 8 10 | 10.0
Dodging        | 3 5 7 9 10 12 14 17 | 17.2
Spellcasting   | |  1.0
Hexes          | |  2.0

Action                     |  1- 3 |  4- 6 |  7- 9 | 10-12 | 13-15 | 16-18 || total
---------------------------+-------+-------+-------+-------+-------+-------++-------
   Fire: Sling             |   135 |       |       |       |       |       ||   135
         Longbow           |     7 |    53 |   194 |   474 |  1381 |   435 ||  2544
 Invoke: Heroism           |       |       |    14 |    24 |    33 |     6 ||    77
         Finesse           |       |       |       |     4 |     8 |     6 ||    18
    Use: Scroll            |     3 |     4 |     9 |     3 |    12 |     1 ||    32
         Potion            |       |     3 |     4 |     2 |     2 |     3 ||    14
 Armour: Robe              |     3 |       |       |       |       |       ||     3
         Ring mail         |     5 |       |       |       |       |       ||     5
         Troll leather arm |       |    12 |    13 |    83 |    74 |    36 ||   218
  Dodge: Dodged            |    26 |    16 |    44 |   310 |   343 |   276 ||  1015

Table legend:
 A = Non-vault XP
 B = Vault XP
 C = Vault XP percentage of total XP
 D = Non-vault monster count
 E = Vault monster count
 F = Vault count percentage of total count
                 A         B        C        D         E       F
            +---------+---------+-------+---------+---------+-------
      Total |  149286 |   54052 |  26.6 |     611 |     177 |  22.5
            +---------+---------+-------+---------+---------+-------
        D:1 |      36 |       0 |   0.0 |      22 |       0 |   0.0
        D:2 |      30 |       0 |   0.0 |      18 |       0 |   0.0
        D:3 |      53 |       0 |   0.0 |      17 |       0 |   0.0
        D:4 |     138 |     185 |  57.3 |      11 |       1 |   8.3
        D:5 |     497 |     801 |  61.7 |      16 |       5 |  23.8
        D:6 |     694 |     725 |  51.1 |      16 |       4 |  20.0
        D:7 |     761 |       0 |   0.0 |      20 |       0 |   0.0
        D:8 |    1409 |      97 |   6.4 |      12 |       1 |   7.7
        D:9 |    1519 |     379 |  20.0 |      14 |       1 |   6.7
       D:10 |    4216 |       0 |   0.0 |      25 |       0 |   0.0
       D:11 |    3999 |     225 |   5.3 |      19 |       2 |   9.5
       D:12 |    5449 |     677 |  11.1 |      14 |       2 |  12.5
       D:13 |    5338 |    7618 |  58.8 |      13 |      12 |  48.0
       D:14 |   12051 |    5109 |  29.8 |      32 |       3 |   8.6
       D:15 |   10052 |    4733 |  32.0 |      24 |      12 |  33.3
     Lair:1 |    2089 |     975 |  31.8 |      12 |       9 |  42.9
     Lair:2 |    3684 |    3895 |  51.4 |      17 |      13 |  43.3
     Lair:3 |    7256 |     955 |  11.6 |      30 |       4 |  11.8
     Lair:4 |    9903 |       0 |   0.0 |      37 |       0 |   0.0
     Lair:5 |   12097 |   10564 |  46.6 |      37 |      47 |  56.0
   Spider:1 |   18927 |    7424 |  28.2 |      53 |      10 |  15.9
   Spider:2 |   16874 |       0 |   0.0 |      45 |       0 |   0.0
   Spider:3 |   16972 |       0 |   0.0 |      47 |       0 |   0.0
      Orc:1 |    1863 |       0 |   0.0 |      25 |       0 |   0.0
      Orc:2 |     977 |    4828 |  83.2 |      12 |      42 |  77.8
    Abyss:2 |   12402 |       0 |   0.0 |      23 |       0 |   0.0
   Gauntlet |       0 |    4862 | 100.0 |       0 |       9 | 100.0
            +---------+---------+-------+---------+---------+-------
